Map: Crête de Lerilak

Players

viag - Winner!

  • Race: Terran Terran
  • League: Gold

Gegon

  • Race: Zerg Zerg

VOD

Have the link to the VOD?

Description

Time

  • Played on: Nov. 14, 2015, 11:27 a.m.
  • Length: 14:28
Show
View Real Time Build Order
Export as new Build Order

viag Terran - Winner!

Build Orders: MMM Bio 

Get SALT Encoding   

  12  0:01  SCV  
  13  0:13  SCV  
  14  0:17  Supply Depot  
  14  0:25  SCV  
  15  0:39  SCV  
  15  0:40  Barracks  
  16  0:46  Refinery  
  16  0:51  SCV  
  17  1:03  SCV  
  18  1:15  SCV  
  19  1:27  Orbital Command  
  19  1:28  Reaper  
  20  1:53  SCV  
  21  2:00  Reaper  
  22  2:07  Command Center  
  22  2:14  SCV  
  23  2:18  Supply Depot  
  23  2:21  Command Center  
  23  2:40  SCV  
  24  2:45  Barracks  
  24  2:46  Reaper, Barracks  
  25  2:52  SCV  
  26  3:01  Factory  
  26  3:04  SCV  
  27  3:16  SCV  
  27  3:19  Barracks Reactor  
  27  3:21  Orbital Command  
  27  3:28  SCV  
  27  3:32  Refinery  
  28  3:38  Orbital Command  
  28  3:40  SCV  
  29  3:47  Barracks Reactor x2  
  29  3:49  Barracks Tech Lab  
  29  3:53  SCV  
  29  3:55  SCV  
  31  4:05  SCV  
  31  4:07  SCV  
  31  4:10  Stimpack  
  31  4:13  SCV  
  31  4:14  Engineering Bay  
  31  4:15  Hellion  
  31  4:17  Engineering Bay  
  34  4:18  Hellion  
  34  4:21  Barracks Reactor  
  34  4:23  Marine x3  
  39  4:25  SCV  
  39  4:26  SCV  
  39  4:29  SCV  
  42  4:37  SCV, Hellion  
  45  4:39  Hellion  
  47  4:46  Marine x3  
  47  4:47  SCV x2, Refinery  
  47  4:49  SCV  
  53  4:52  Terran Infantry Weapons Level 1  
  53  4:59  SCV, Marine x2  
  56  5:01  Hellion  
  56  5:02  Hellion  
  56  5:03  Marine  
  56  5:04  Orbital Command  
  56  5:05  Terran Infantry Armor Level 1  
  61  5:16  Supply Depot  
  61  5:17  Supply Depot  
  61  5:21  Refinery  
  61  5:23  Supply Depot, Missile Turret  
  61  5:26  Missile Turret  
  61  5:38  SCV x3  
  64  5:44  Marine x3  
  64  5:45  Marine  
  66  5:50  SCV x3, Widow Mine x2  
  66  5:55  Barracks  
  73  5:57  Barracks  
  73  6:02  SCV  
  74  6:06  SCV x2  
  74  6:07  Marine x4  
  74  6:10  Combat Shields  
  80  6:18  Missile Turret, Marine  
  81  6:24  Marine x2  
  81  6:25  Marine x2  
  77  6:31  Widow Mine x2  
  81  6:36  Starport, Marine  
  81  6:38  SCV  
  83  6:42  Marine x2  
  85  6:47  Supply Depot  
  85  6:49  Supply Depot  
  85  6:56  Barracks Tech Lab  
  85  6:57  Barracks Tech Lab  
  85  7:08  Marine x4, Widow Mine x2  
  85  7:10  Command Center  
  85  7:11  Reaper  
  85  7:14  Supply Depot, Starport Reactor  
  85  7:15  Supply Depot  
  94  7:19  Armory, SCV x2  
  94  7:22  Marauder  
  98  7:25  Marauder  
  98  7:26  Marine  
  101  7:32  Refinery  
  101  7:36  SCV, Marauder, Marine  
  105  7:41  Command Center  
  105  7:43  SCV x2  
  107  7:48  SCV  
  107  7:50  Marine x2  
  110  7:55  SCV, Marine x2  
  110  7:56  Marine x2  
  110  7:58  SCV  
  113  8:00  SCV  
  113  8:05  Marine  
  115  8:07  SCV  
  115  8:08  Marine, Terran Infantry Weapons Level 2, Terran Infantry Armor Level 2  
  117  8:21  Supply Depot  
  117  8:22  SCV, Reaper x2, Medivac x2  
  117  8:23  Orbital Command  
  116  8:52  Medivac x2  
  120  8:57  SCV  
  120  8:58  SCV  
  120  9:01  Orbital Command  
  122  9:08  Marine x7  
  94  9:17  Orbital Command  
  94  9:22  Medivac x2  
  94  9:23  Orbital Command  
  96  9:25  Marine  
  96  9:26  Marine x6  
  103  9:43  Marine  
  103  9:44  Marine x6  
  101  10:01  Marine  
  101  10:02  Marine x6  
  108  10:15  Barracks  
  108  10:17  Barracks  
  108  10:18  SCV, Barracks  
  108  10:19  SCV x3, Barracks, Marine x7  
  112  10:37  Marine x7  
  112  10:38  Terran Infantry Weapons Level 3, Terran Infantry Armor Level 3  
  119  10:54  Marine  
  119  10:55  Marine x6  
  121  11:05  Barracks Tech Lab  
  121  11:07  Barracks Reactor  
  121  11:11  Marine x2  
  119  11:12  Marine  
  119  11:13  Marine x6  
  128  11:18  Medivac, Widow Mine  
  128  11:19  Orbital Command, Medivac  
  133  11:27  Marine  
  133  11:29  Marine x2  
  133  11:30  Marine  
  133  11:31  Marine x3  
  133  11:32  Widow Mine  
  138  11:36  Marauder x2  
  138  11:37  Marine  
  139  11:45  Marauder  
  139  11:46  Missile Turret  
  139  11:47  Widow Mine, Marine x4  
  138  11:48  Medivac, Marine  
  138  11:49  Marauder  
  138  11:50  Marine  
  138  11:51  Marine  
  138  11:53  Medivac  
  153  11:54  Marine  
  154  12:04  Marine  
  155  12:10  Missile Turret  
  155  12:11  Refinery x2, Starport  
  155  12:12  Starport  
  155  12:14  Marine x2  
  155  12:23  SCV, Medivac, Widow Mine, Marine x6  
  155  12:25  Marauder  
  147  12:34  Marine  
  147  12:35  SCV, Marine  
  146  12:40  Marauder  
  146  12:41  Marine x2  
  146  12:42  Marine x2  
  146  12:43  Marine x2  
  145  12:46  Marine  
  132  12:52  Marine  
  132  12:55  Marine  
  126  12:58  Marine  
  126  12:59  Marine  
  126  13:00  Marine x2  
  126  13:02  Marine  
  126  13:03  Marine x2  
  126  13:04  Marine  
  120  13:10  Marine  
  99  13:13  Marine  
  99  13:16  Marine x2  
  99  13:17  Marine  
  99  13:18  Marine  
  94  13:20  Marine  
  94  13:21  Marine x2  
  94  13:22  Marine  
  94  13:26  Starport Reactor  
  87  13:27  Starport Reactor  
  87  13:28  Marine  
  87  13:31  Marine  
  87  13:33  Command Center x2  
  86  13:34  Marine x2  
  86  13:35  Marine  
  86  13:36  Marine  
  86  13:38  Barracks, Marine x2  
  86  13:39  Barracks, Marine  
  86  13:40  Marine  
  91  13:41  Barracks  
  91  13:46  Marine  
  86  13:49  Marine  
  86  13:52  Marine x2  
  86  13:53  Marine  
  86  13:54  Marine  
  87  13:56  Marine x2  
  87  13:57  Marine x2  
  89  14:04  Marine  
  89  14:07  Marine  
  91  14:10  Marine x2  
  91  14:13  Factory Reactor  
Show
View Real Time Build Order
Export as new Build Order

Gegon Zerg 

Build Orders: Hatch First, Muta Ling Bane 

Get SALT Encoding   

  12  0:01  Drone  
  13  0:12  Overlord  
  13  0:17  Drone  
  14  0:30  Drone x2  
  14  0:34  Drone  
  17  0:45  Drone  
  18  0:56  Hatchery  
  17  1:01  Drone  
  18  1:13  Spawning Pool  
  18  1:14  Extractor  
  18  1:18  Drone  
  17  1:21  Drone  
  19  1:32  Drone  
  19  1:41  Drone  
  20  1:49  Overlord  
  20  1:59  Queen  
  22  2:08  Queen  
  22  2:10  Zergling x4  
  26  2:19  Drone x2  
  26  2:21  Metabolic Boost  
  28  2:33  Drone  
  28  2:34  Drone x2  
  31  2:43  Queen  
  31  2:44  Queen  
  33  2:48  Overlord  
  35  3:19  Drone  
  36  3:20  Drone x8  
  44  3:31  Overlord  
  44  3:32  Overlord  
  44  3:51  Overlord x2  
  44  3:53  Extractor  
  43  3:56  Extractor  
  42  4:03  Hatchery  
  41  4:21  Drone x8  
  49  4:31  Evolution Chamber  
  49  4:32  Drone x2  
  49  4:33  Evolution Chamber  
  49  4:53  Lair  
  49  5:00  Baneling Nest  
  49  5:03  Drone  
  49  5:04  Drone x6  
  55  5:11  Zerg Melee Weapons Level 1  
  55  5:12  Zerg Ground Armor Level 1  
  55  5:29  Zergling x2  
  55  5:30  Zergling x10  
  58  5:43  Extractor  
  58  5:44  Spine Crawler  
  58  5:46  Spine Crawler  
  54  5:54  Zergling x12  
  60  5:58  Spire  
  59  6:12  Spire  
  58  6:31  Centrifical Hooks  
  58  6:32  Overlord x2  
  56  6:44  Drone x2  
  56  6:45  Drone x6  
  58  7:01  Zergling x2  
  58  7:02  Zergling x6  
  61  7:09  Zergling x2  
  61  7:10  Zergling x14  
  61  7:14  Zerg Melee Weapons Level 2  
  61  7:15  Zerg Ground Armor Level 2, Extractor  
  68  7:18  Baneling  
  68  7:19  Baneling x9  
  68  7:21  Drone  
  68  7:22  Drone x3  
  72  7:23  Drone x3  
  75  7:44  Mutalisk x3  
  75  7:47  Overlord x3  
  75  7:48  Overlord  
  75  7:49  Zergling x10  
  86  8:02  Baneling x10  
  86  8:03  Zergling x2  
  86  8:04  Zergling x6  
  90  8:07  Zergling x2  
  90  8:08  Zergling x10  
  96  8:15  Zergling x2  
  96  8:16  Zergling x10  
  94  8:42  Zergling x2  
  94  8:44  Zergling x6  
  94  8:45  Zergling x18  
  107  8:49  Hatchery  
  107  8:51  Zerg Flyer Weapons Level 1  
  102  9:08  Zergling x2  
  102  9:09  Zergling x20  
  95  9:35  Overseer x2  
  95  9:39  Zergling x2  
  95  9:40  Zergling x18  
  82  9:54  Zergling x8  
  79  10:15  Zergling x16  
  79  10:19  Mutalisk  
  88  10:31  Mutalisk, Infestation Pit  
  88  10:32  Mutalisk x3  
  95  10:41  Baneling  
  95  10:42  Baneling x25  
  95  10:44  Mutalisk x6  
  107  11:03  Zergling x28  
  119  11:15  Baneling x12  
  119  11:16  Baneling x3  
  119  11:18  Overlord x3  
  113  11:42  Baneling  
  113  11:43  Baneling x13  
  99  11:48  Zergling x16  
  99  11:49  Zergling x24  
  119  12:05  Zergling x2  
  119  12:06  Zergling x14  
  127  12:14  Extractor  
  123  12:18  Extractor  
  94  12:32  Zergling x2  
  94  12:33  Zergling x28  
  77  13:12  Mutalisk  
  77  13:13  Mutalisk x4  
  81  13:24  Zergling x2  
  54  13:49  Drone  
  54  13:50  Drone x4  
  55  14:10  Zergling x2  
  55  14:11  Zergling x8  
Tags
 
Add a new tag
Caveats
  • Supply blocks, unpowered buildings, or Contaminate may cause inaccurate times.
  • Supply counts are checked every 10 seconds.